[Event "Spring Tour GM Mix A 2022"]
[Site "Cattolica"]
[Date "2022.03.11"]
[Round "1.6"]
[White "Park, Evan"]
[Black "Pranav Anand"]
[Result "*"]
[ECO "E61"]
[WhiteElo "2296"]
[BlackElo "2436"]
[Annotator "ChessBase"]
[PlyCount "23"]
[EventDate "2022.03.10"]
[EventType "swiss"]
[EventCountry "ITA"]
[SourceTitle "playchess.com"]
[Source "ChessBase"]
[SourceQuality "1"]
[TimeControl "5400+30"]

1. d4 d6 2. Nf3 g6 3. c4 Nf6 4. Nc3 Bf5 5. Qb3 b6 6. g3 Bg7 7. Bg2 Nc6 8. Qa4 Bd7 9. Qc2 O-O 10. O-O Bf5 11. e4 Bg4 12. Be3 *

[Event "Spring Tour GM Mix A 2022"]
[Site "Cattolica"]
[Date "2022.03.11"]
[Round "1.7"]
[White "Hjartarson, Johann"]
[Black "Kanyamarala, Tarun"]
[Result "*"]
[ECO "E08"]
[WhiteElo "2470"]
[BlackElo "2343"]
[Annotator "ChessBase"]
[PlyCount "29"]
[EventDate "2022.03.10"]
[EventType "swiss"]
[EventCountry "ITA"]
[SourceTitle "playchess.com"]
[Source "ChessBase"]
[SourceQuality "1"]
[TimeControl "5400+30"]

1. Nf3 d5 2. d4 Nf6 3. c4 e6 4. g3 Bb4+ 5. Bd2 Be7 6. Bg2 O-O 7. O-O Nbd7 8. Qc2 c6 9. Rd1 b6 10. Bf4 Ba6 11. Nbd2 Nh5 12. Be3 Nhf6 13. Bf4 Nh5 14. Be3 Nhf6 15. Bf4 *

[Event "Spring Tour GM Mix A 2022"]
[Site "Cattolica"]
[Date "2022.03.11"]
[Round "1.8"]
[White "Marzaduri, Riccardo"]
[Black "Davtyan, Artur"]
[Result "*"]
[ECO "D58"]
[WhiteElo "2180"]
[BlackElo "2460"]
[Annotator "ChessBase"]
[PlyCount "25"]
[EventDate "2022.03.10"]
[EventType "swiss"]
[EventCountry "ITA"]
[SourceTitle "playchess.com"]
[Source "ChessBase"]
[SourceQuality "1"]
[TimeControl "5400+30"]

1. d4 d5 2. c4 e6 3. Nc3 Nf6 4. Bg5 Be7 5. Nf3 Nbd7 6. e3 h6 7. Bh4 O-O 8. Rc1 c5 9. cxd5 Nxd5 10. Bxe7 Nxe7 11. Bd3 b6 12. O-O Bb7 13. Be4 *

[Event "Spring Tour GM Mix A 2022"]
[Site "Cattolica"]
[Date "2022.03.11"]
[Round "1.9"]
[White "Dahale, Atul"]
[Black "Roshka, Yevgeniy"]
[Result "*"]
[ECO "B29"]
[WhiteElo "2148"]
[BlackElo "2478"]
[Annotator "ChessBase"]
[PlyCount "20"]
[EventDate "2022.03.10"]
[EventType "swiss"]
[EventCountry "ITA"]
[SourceTitle "playchess.com"]
[Source "ChessBase"]
[SourceQuality "1"]
[TimeControl "5400+30"]

1. Nf3 c5 2. e4 Nf6 3. e5 Nd5 4. d4 cxd4 5. Qxd4 e6 6. g3 Nc6 7. Qe4 d6 8. c4 Qa5+ 9. Nbd2 dxe5 10. Nxe5 Ndb4 *

[Event "Spring Tour GM Mix A 2022"]
[Site "Cattolica"]
[Date "2022.03.11"]
[Round "1.10"]
[White "Mirzoev, Emil"]
[Black "Ermitsch, Magnus"]
[Result "*"]
[ECO "B13"]
[WhiteElo "2460"]
[BlackElo "2127"]
[Annotator "ChessBase"]
[PlyCount "28"]
[EventDate "2022.03.10"]
[EventType "swiss"]
[EventCountry "ITA"]
[SourceTitle "playchess.com"]
[Source "ChessBase"]
[SourceQuality "1"]
[TimeControl "5400+30"]

1. d4 d5 2. Bf4 c5 3. e3 cxd4 4. exd4 Nc6 5. Nf3 Bg4 6. Nbd2 e6 7. c3 Bd6 8. Bxd6 Qxd6 9. h3 Bh5 10. Bd3 Nge7 11. O-O f6 12. Re1 e5 13. dxe5 fxe5 14. Bb5 O-O-O *

[Event "Spring Tour GM Mix A 2022"]
[Site "Cattolica"]
[Date "2022.03.14"]
[Round "8.2"]
[White "Song, Julien"]
[Black "Czerw, Dawid"]
[Result "1/2-1/2"]
[ECO "E01"]
[WhiteElo "2352"]
[BlackElo "2398"]
[Annotator "ChessBase"]
[PlyCount "55"]
[EventDate "2022.03.10"]
[EventType "swiss"]
[EventCountry "ITA"]
[SourceTitle "playchess.com"]
[Source "ChessBase"]
[SourceQuality "1"]
[TimeControl "5400+30"]

1. d4 Nf6 2. c4 e6 3. Nf3 d5 4. g3 Bb4+ 5. Bd2 Bd6 6. Bg2 O-O 7. b3 dxc4 8. bxc4 c5 9. e3 Ne4 10. O-O Nxd2 11. Nbxd2 Nd7 12. Ne4 Qc7 13. Nxd6 Qxd6 14. Qb3 cxd4 15. exd4 Rb8 16. c5 Qc7 17. Rac1 e5 18. Qa3 a6 19. d5 h6 20. Rfe1 Re8 21. Nd4 Qd8 22. Nf5 Nxc5 23. Nxh6+ gxh6 24. Qxc5 Bf5 25. d6 Qf6 26. Rcd1 b6 27. Qa3 Rbd8 28. Qxa6 1/2-1/2

[Event "Spring Tour GM Mix A 2022"]
[Site "Cattolica"]
[Date "2022.03.14"]
[Round "8.4"]
[White "Kamalidenova, Meruert"]
[Black "Vaishali R"]
[Result "1/2-1/2"]
[ECO "B33"]
[WhiteElo "2362"]
[BlackElo "2403"]
[Annotator "ChessBase"]
[PlyCount "189"]
[EventDate "2022.03.10"]
[EventType "swiss"]
[EventCountry "ITA"]
[SourceTitle "playchess.com"]
[Source "ChessBase"]
[SourceQuality "1"]
[TimeControl "5400+30"]

1. e4 c5 2. Nf3 Nc6 3. d4 cxd4 4. Nxd4 Nf6 5. Nc3 e5 6. Ndb5 d6 7. Bg5 a6 8. Na3 b5 9. Nd5 Be7 10. Bxf6 Bxf6 11. c3 Rb8 12. Nc2 Bg5 13. a4 bxa4 14. Ncb4 Nxb4 15. cxb4 O-O 16. Rxa4 a5 17. b5 f5 18. exf5 Bxf5 19. Bc4 Kh8 20. O-O Be6 21. Kh1 Qc8 22. b3 Qc5 23. Rxa5 Rxf2 24. Rxf2 Qxf2 25. Qa1 Bd8 26. Ra2 Qh4 27. Qf1 h5 28. Ra4 Bxd5 29. Bxd5 Qf6 30. Qd1 g6 31. Ra7 e4 32. Bxe4 Rxb5 33. Qc1 Qg5 34. Qf1 Bf6 35. Bc2 Rc5 36. Ra2 Kg7 37. h3 Rc7 38. b4 Be5 39. Ra3 Qd2 40. Bd1 Qxb4 41. Rb3 Qd2 42. Rd3 Qg5 43. Rf3 Rc1 44. Rb3 Rc7 45. Rf3 Rc1 46. Rb3 Qe7 47. Qe2 Qf7 48. Rf3 Qd5 49. Rf1 Rc3 50. Rf3 Rc7 51. Rf1 Rc3 52. Rf3 Rc7 53. Rf1 Rc1 54. Kg1 Qd4+ 55. Kh1 Qd5 56. Kg1 Ra1 57. Qc2 Ra7 58. Kh1 Ra2 59. Qc7+ Kh6 60. Bf3 Qd3 61. Qc1+ Qd2 62. Qxd2+ Rxd2 63. Rd1 Rb2 64. Kg1 Kg5 65. Kf1 Kf4 66. Rd3 Ra2 67. Ke1 Rb2 68. Kf1 Rb4 69. Ke2 Bd4 70. Kd1 Ke5 71. Ra3 Rb2 72. Ra8 Kf4 73. Ra3 Be3 74. Rd3 Bc5 75. Rd2 Rb3 76. Bd5 Ra3 77. Ra2 Rd3+ 78. Rd2 Ra3 79. Ra2 Rg3 80. Rb2 Rg5 81. Rd2 Rf5 82. Bf3 Kg3 83. Rd5 Rf6 84. Be4 Re6 85. Bf3 Be3 86. Rd3 Kf2 87. Kc2 Rf6 88. Be4 g5 89. Rd5 g4 90. hxg4 hxg4 91. Rf5+ Rxf5 92. Bxf5 g3 93. Be4 Ke2 94. Bf3+ Kf2 95. Kd3 1/2-1/2

[Event "Spring Tour GM Mix A 2022"]
[Site "Cattolica"]
[Date "2022.03.14"]
[Round "8.5"]
[White "Deuer, Marius"]
[Black "Damia, Angelo"]
[Result "1/2-1/2"]
[ECO "A60"]
[WhiteElo "2304"]
[BlackElo "2223"]
[Annotator "ChessBase"]
[PlyCount "129"]
[EventDate "2022.03.10"]
[EventType "swiss"]
[EventCountry "ITA"]
[SourceTitle "playchess.com"]
[Source "ChessBase"]
[SourceQuality "1"]
[TimeControl "5400+30"]

1. d4 Nf6 2. c4 e6 3. Nc3 c5 4. d5 Bd6 5. g3 Be5 6. Bd2 Bxc3 7. Bxc3 exd5 8. cxd5 d6 9. Bg2 O-O 10. Nf3 Ne4 11. O-O Bg4 12. Nd2 Nxc3 13. bxc3 Nd7 14. h3 Bf5 15. e4 Bg6 16. g4 b5 17. f4 f6 18. h4 c4 19. h5 Qb6+ 20. Kh2 Bf7 21. Nf3 Rae8 22. Nd4 Nc5 23. Qc2 b4 24. cxb4 Nxe4 25. Ne6 Bxe6 26. dxe6 f5 27. Bxe4 fxe4 28. Qxc4 d5 29. Qxd5 Qxe6 30. Qxe6+ Rxe6 31. Rae1 Rd8 32. Re2 Rd4 33. a3 Rd3 34. Rfe1 e3 35. Ra1 Ra6 36. Kg3 Raxa3 37. Rxa3 Rxa3 38. Kf3 a5 39. bxa5 Rxa5 40. Rxe3 Kf7 41. g5 h6 42. g6+ Kf6 43. Kg4 Ra1 44. Rb3 Rg1+ 45. Kf3 Rf1+ 46. Ke4 Re1+ 47. Kf3 Rf1+ 48. Kg3 Rg1+ 49. Kf2 Rh1 50. Rb5 Rh3 51. Kg2 Rh4 52. Kg3 Rh1 53. Ra5 Rg1+ 54. Kf2 Rh1 55. Kg2 Rh4 56. Kf3 Rh1 57. Ra6+ Kf5 58. Ra7 Rh3+ 59. Kg2 Rxh5 60. Rxg7 Kxf4 61. Rf7+ Ke5 62. g7 Rg5+ 63. Kh3 Ke6 64. Ra7 Kf6 65. Rb7 1/2-1/2